| TOP OF THE 1ST |
|
Seattle Mariners batting - Pitching for Detroit Tigers : RHP Dennis Martinez
|
|
Pitching: RHP Dennis Martinez
|
|
|
Batting: SHB Miguel Dilone
|
0-0: Foul Ball, location: 2F 0-1: Ground out U3 (Groundball, 3L, EV 82.5 MPH)
|
|
Batting: LHB Ivan Flores
|
0-0: Foul Ball, location: 2F 0-1: Ball 1-1: Ball 2-1: Swinging Strike 2-2: Ball 3-2: Foul Ball, location: 2F 3-2: Foul Ball, location: 2F 3-2: SINGLE (Line Drive, 7S, EV 95.0 MPH)
|
|
Batting: RHB Robin Yount
|
0-0: Ball 1-0: Ball 2-0: Ball 3-0: Called Strike 3-1: Foul Ball, location: 2F 3-2: Foul Ball, location: 2F 3-2: Base on Balls Ivan Flores to second
|
|
Batting: LHB Don Mattingly
|
0-0: Called Strike 0-1: Ball 1-1: SINGLE (Line Drive, 7LS, EV 93.1 MPH) Ivan Flores to third Robin Yount to second Runner from 3rd tries for Home, SAFE, throw by LF to home
|
|
Batting: RHB Tony Conigliaro
|
0-0: Called Strike 0-1: Called Strike 0-2: Ball Wild Pitch! Robin Yount to third Don Mattingly to second 1-2: SINGLE (Groundball, 56D, EV 105.6 MPH) Robin Yount scores Don Mattingly to third Runner from 3rd tries for Home, SAFE, throw by LF to home Tony Conigliaro to second
|
|
Batting: RHB Bobby Bonds
|
0-0: Called Strike 0-1: Ball 1-1: Foul Ball, location: 2F 1-2: Foul Ball, location: 2F 1-2: Ground out 6-3 (Groundball, 56D, EV 91.9 MPH)
|
|
Batting: RHB Ryne Sandberg
|
0-0: Ball 1-0: Ball 2-0: Reached on error, E5 (Groundball, 5, EV 87.5 MPH) Tony Conigliaro scores
|
|
Batting: RHB John Rabb
|
0-0: Called Strike 0-1: Ball 1-1: Ball 2-1: Foul Ball, location: 2F 2-2: Ball 3-2: Fly out, F8 (Flyball, 8RXD, EV 78.8 MPH)
|
| Top of the 1st over - 4 runs, 3 hits, 1 error, 1 left on base; Seattle 4 - Detroit 0 |
| BOTTOM OF THE 1ST |
|
Detroit Tigers batting - Pitching for Seattle Mariners : RHP Larry Aubel
|
|
Pitching: RHP Larry Aubel
|
|
|
Batting: SHB Lee Mazzilli
|
0-0: Ball 1-0: Foul Ball, location: 2F 1-1: Swinging Strike 1-2: Strikes out swinging
|
|
Batting: RHB Rusty Tillman
|
0-0: Ball 1-0: Fly out, F7 (Flyball, 7D, EV 105.0 MPH)
|
|
Batting: SHB Tony Phillips
|
0-0: Called Strike 0-1: DOUBLE (Line Drive, 7LM, EV 108.1 MPH)
|
|
Batting: RHB Dave Kingman
|
0-0: Ball 1-0: SINGLE (Line Drive, 6MD, EV 93.8 MPH) Tony Phillips to third Runner from 3rd tries for Home, SAFE, throw by CF to home Dave Kingman to second
|
|
Batting: RHB Andre Thornton
|
0-0: Ball 1-0: Fly out, F4 (Popup, 4, EV 55.0 MPH)
|
| Bottom of the 1st over - 1 run, 2 hits, 0 errors, 1 left on base; Seattle 4 - Detroit 1 |
| TOP OF THE 2ND |
|
Seattle Mariners batting - Pitching for Detroit Tigers : RHP Dennis Martinez
|
|
Batting: RHB Kurt Cunningham
|
0-0: Ground out U3 (Groundball, 3S, EV 64.4 MPH)
|
|
Batting: SHB Miguel Dilone
|
0-0: Called Strike 0-1: Swinging Strike 0-2: Ball 1-2: Ball 2-2: Ground out 4-3 (Groundball, 4MD, EV 104.4 MPH)
|
|
Batting: LHB Ivan Flores
|
0-0: Ball 1-0: Foul Ball, location: 2F 1-1: Ground out 4-3 (Groundball, 4MD, EV 105.6 MPH)
|
| Top of the 2nd over - 0 runs, 0 hits, 0 errors, 0 left on base; Seattle 4 - Detroit 1 |
| BOTTOM OF THE 2ND |
|
Detroit Tigers batting - Pitching for Seattle Mariners : RHP Larry Aubel
|
|
Batting: RHB Keith Moreland
|
0-0: Swinging Strike 0-1: Swinging Strike 0-2: Ball 1-2: Foul Ball, location: 2F 1-2: SINGLE (Line Drive, 8RS, EV 105.6 MPH)
|
|
Batting: RHB Rusty Kuntz
|
0-0: Ball 1-0: Ball 2-0: Called Strike 2-1: Foul Ball, location: 2F 2-2: Grounds into double play, 6-4-3 (Groundball, 6, EV 102.5 MPH)
|
|
Batting: RHB Larry Parrish
|
0-0: Called Strike 0-1: Fly out, F7 (Flyball, 7D, EV 101.3 MPH)
|
| Bottom of the 2nd over - 0 runs, 1 hit, 0 errors, 0 left on base; Seattle 4 - Detroit 1 |
| TOP OF THE 3RD |
|
Seattle Mariners batting - Pitching for Detroit Tigers : RHP Dennis Martinez
|
|
Batting: RHB Robin Yount
|
0-0: Foul Ball, location: 2F 0-1: Ball 1-1: Swinging Strike 1-2: Fly out, F4 (Line Drive, 4, EV 73.1 MPH)
|
|
Batting: LHB Don Mattingly
|
0-0: Called Strike 0-1: Ball 1-1: Ball 2-1: Ground out 4-3 (Groundball, 4, EV 90.0 MPH)
|
|
Batting: RHB Tony Conigliaro
|
0-0: Called Strike 0-1: Swinging Strike 0-2: Strikes out swinging
|
| Top of the 3rd over - 0 runs, 0 hits, 0 errors, 0 left on base; Seattle 4 - Detroit 1 |
| BOTTOM OF THE 3RD |
|
Detroit Tigers batting - Pitching for Seattle Mariners : RHP Larry Aubel
|
|
Batting: RHB Mike Sproles
|
0-0: Swinging Strike 0-1: Swinging Strike 0-2: Ball 1-2: Strikes out swinging
|
|
Batting: SHB Lee Mazzilli
|
0-0: Foul Ball, location: 2F 0-1: Ball 1-1: Called Strike 1-2: Fly out, F8 (Flyball, 8LM, EV 87.5 MPH)
|
|
Batting: RHB Rusty Tillman
|
0-0: Ball 1-0: Ball 2-0: Called Strike 2-1: Foul Ball, location: 2F 2-2: Strikes out swinging
|
| Bottom of the 3rd over - 0 runs, 0 hits, 0 errors, 0 left on base; Seattle 4 - Detroit 1 |
| TOP OF THE 4TH |
|
Seattle Mariners batting - Pitching for Detroit Tigers : RHP Dennis Martinez
|
|
Batting: RHB Bobby Bonds
|
0-0: Fly out, F6 (Flyball, 6MD, EV 86.3 MPH)
|
|
Batting: RHB Ryne Sandberg
|
0-0: Ball 1-0: Ball 2-0: Ball 3-0: Called Strike 3-1: Ground out 6-3 (Groundball, 6S, EV 91.3 MPH)
|
|
Batting: RHB John Rabb
|
0-0: Ground out 6-3 (Groundball, 6, EV 113.1 MPH)
|
| Top of the 4th over - 0 runs, 0 hits, 0 errors, 0 left on base; Seattle 4 - Detroit 1 |
| BOTTOM OF THE 4TH |
|
Detroit Tigers batting - Pitching for Seattle Mariners : RHP Larry Aubel
|
|
Batting: SHB Tony Phillips
|
0-0: Called Strike 0-1: Foul Ball, location: 2F 0-2: Ball 1-2: Foul Ball, location: 2F 1-2: Ball 2-2: Ball 3-2: Foul Ball, location: 2F 3-2: Fly out, F8 (Flyball, 78D, EV 86.3 MPH)
|
|
Batting: RHB Dave Kingman
|
0-0: SINGLE (Groundball, 6MD, EV 100.0 MPH)
|
|
Batting: RHB Andre Thornton
|
0-0: 2-RUN HOME RUN (Flyball, 7D, EV 105.6 MPH), Distance : 403 ft
|
|
Batting: RHB Keith Moreland
|
0-0: Ground out 6-3 (Groundball, 56D, EV 81.9 MPH)
|
|
Batting: RHB Rusty Kuntz
|
0-0: Called Strike 0-1: Ground out 4-3 (Groundball, 34, EV 104.4 MPH)
|
| Bottom of the 4th over - 2 runs, 2 hits, 0 errors, 0 left on base; Seattle 4 - Detroit 3 |
| TOP OF THE 5TH |
|
Seattle Mariners batting - Pitching for Detroit Tigers : RHP Dennis Martinez
|
|
Batting: RHB Kurt Cunningham
|
0-0: DOUBLE (Flyball, 8RD, EV 95.6 MPH)
|
|
Batting: SHB Miguel Dilone
|
0-0: Ball 1-0: Ball 2-0: Ball 3-0: Base on Balls
|
|
Batting: LHB Ivan Flores
|
0-0: Ball 1-0: Sac Bunt to 13 - play at first, batter safe! Kurt Cunningham to third Miguel Dilone to second
|
|
Batting: RHB Robin Yount
|
0-0: Ball 1-0: SINGLE (Groundball, 56D, EV 101.3 MPH) Kurt Cunningham scores Miguel Dilone to third Ivan Flores to second Runner from 3rd tries for Home, SAFE, throw by LF to home
|
|
Batting: LHB Don Mattingly
|
0-0: Called Strike 0-1: Swinging Strike 0-2: Ball 1-2: Fly out, F5 (Line Drive, 5, EV 73.8 MPH)
|
|
Batting: RHB Tony Conigliaro
|
0-0: Called Strike 0-1: Ball 1-1: Called Strike 1-2: Fly out, F8 (Flyball, 89M, EV 83.1 MPH)
|
|
Batting: RHB Bobby Bonds
|
0-0: TRIPLE (Flyball, 89XD, EV 105.0 MPH) Ivan Flores scores Robin Yount scores
|
|
Pitching: LHP Mike Maitland
|
|
|
Batting: RHB Ryne Sandberg
|
0-0: Called Strike 0-1: Foul Ball, location: 2F 0-2: Ball 1-2: Ground out 5-3 (Groundball, 5L, EV 88.1 MPH)
|
| Top of the 5th over - 4 runs, 4 hits, 0 errors, 1 left on base; Seattle 8 - Detroit 3 |
| BOTTOM OF THE 5TH |
|
Detroit Tigers batting - Pitching for Seattle Mariners : RHP Larry Aubel
|
|
Batting: RHB Larry Parrish
|
0-0: Ball 1-0: Hit by Pitch
|
|
Batting: RHB Mike Sproles
|
0-0: Called Strike 0-1: Ball 1-1: Ground out 3-1 (Groundball, 34S, EV 70.6 MPH) Larry Parrish to second
|
|
Batting: SHB Lee Mazzilli
|
0-0: Called Strike 0-1: Foul Ball, location: 2F 0-2: Ball 1-2: SINGLE (Line Drive, 89S, EV 101.3 MPH) Larry Parrish to third Runner from 3rd tries for Home, throw by RF and OUT! 9-2
|
|
Batting: RHB Rusty Tillman
|
0-0: Called Strike 0-1: Swinging Strike 0-2: Foul Ball, location: 2F 0-2: Ball Lee Mazzilli steals 2nd base (no throw) 1-2: Fly out, F2 (Popup, 15S, EV 79.4 MPH)
|
| Bottom of the 5th over - 0 runs, 1 hit, 0 errors, 1 left on base; Seattle 8 - Detroit 3 |
| TOP OF THE 6TH |
|
Seattle Mariners batting - Pitching for Detroit Tigers : LHP Mike Maitland
|
|
Batting: RHB John Rabb
|
0-0: SINGLE (Line Drive, 7LS, EV 99.4 MPH)
|
|
Batting: RHB Kurt Cunningham
|
0-0: Ball 1-0: SINGLE (Line Drive, 9S, EV 94.4 MPH) John Rabb to second Runner from 2nd tries for 3rd, SAFE, throw by RF made to third
|
|
Batting: SHB Miguel Dilone
|
0-0: Ball 1-0: Ball 2-0: Ball 3-0: Called Strike 3-1: Fielders Choice at 2nd, 3-6 (Groundball, 3S, EV 84.4 MPH) John Rabb scores
|
|
Batting: LHB Ivan Flores
|
0-0: SINGLE (Groundball, 6MD, EV 96.9 MPH) Miguel Dilone to second Runner from 2nd tries for 3rd, SAFE, throw by CF made at trailing runner, OUT! 8-3-4
|
|
Batting: RHB Robin Yount
|
0-0: Called Strike 0-1: Ball 1-1: Swinging Strike 1-2: Ground out 5-3 (Groundball, 5, EV 106.3 MPH)
|
| Top of the 6th over - 1 run, 3 hits, 0 errors, 1 left on base; Seattle 9 - Detroit 3 |
| BOTTOM OF THE 6TH |
|
Detroit Tigers batting - Pitching for Seattle Mariners : RHP Larry Aubel
|
|
Batting: SHB Tony Phillips
|
0-0: Called Strike 0-1: Ball 1-1: Ball 2-1: Foul Ball, location: 2F 2-2: Strikes out looking
|
|
Batting: RHB Dave Kingman
|
0-0: Swinging Strike 0-1: Foul Ball, location: 2F 0-2: Ball 1-2: Ball 2-2: Ball 3-2: SINGLE (Line Drive, 34D, EV 105.6 MPH)
|
|
Batting: RHB Andre Thornton
|
0-0: Ball 1-0: Foul Ball, location: 2F 1-1: Foul Ball, location: 2F 1-2: Fielders Choice at 2nd, 1-6 (Groundball, 34S, EV 65.0 MPH)
|
|
Batting: RHB Keith Moreland
|
0-0: Ball 1-0: Called Strike 1-1: Ball 2-1: Swinging Strike 2-2: Ball 3-2: Fly out, F9 (Flyball, 89M, EV 84.4 MPH)
|
| Bottom of the 6th over - 0 runs, 1 hit, 0 errors, 1 left on base; Seattle 9 - Detroit 3 |
| TOP OF THE 7TH |
|
Seattle Mariners batting - Pitching for Detroit Tigers : LHP Mike Maitland
|
|
Batting: LHB Don Mattingly
|
0-0: Ball 1-0: Foul Ball, location: 2F 1-1: Ground out 5-3 (Groundball, 5D, EV 100.6 MPH)
|
|
Batting: RHB Tony Conigliaro
|
0-0: Ball 1-0: Ball 2-0: Foul Ball, location: 2F 2-1: Foul Ball, location: 2F 2-2: Foul Ball, location: 2F 2-2: Ground out 4-3 (Groundball, 34, EV 83.1 MPH)
|
|
Batting: RHB Bobby Bonds
|
0-0: Ball 1-0: Called Strike 1-1: Called Strike 1-2: Strikes out looking
|
| Top of the 7th over - 0 runs, 0 hits, 0 errors, 0 left on base; Seattle 9 - Detroit 3 |
| BOTTOM OF THE 7TH |
|
Detroit Tigers batting - Pitching for Seattle Mariners : RHP Larry Aubel
|
|
Batting: RHB Rusty Kuntz
|
0-0: DOUBLE (Flyball, 8LXD, EV 106.9 MPH)
|
|
Batting: RHB Larry Parrish
|
0-0: Called Strike 0-1: Swinging Strike 0-2: Strikes out looking
|
|
Batting: RHB Mike Sproles
|
0-0: Ball 1-0: Ground out 6-3 (Groundball, 6, EV 103.8 MPH)
|
|
Batting: SHB Lee Mazzilli
|
0-0: Ball 1-0: Foul Ball, location: 2F 1-1: Ball 2-1: Swinging Strike 2-2: Ball 3-2: Base on Balls
|
|
Batting: RHB Rusty Tillman
|
0-0: Ball 1-0: Called Strike 1-1: Called Strike 1-2: Strikes out swinging
|
| Bottom of the 7th over - 0 runs, 1 hit, 0 errors, 2 left on base; Seattle 9 - Detroit 3 |
| TOP OF THE 8TH |
|
Seattle Mariners batting - Pitching for Detroit Tigers : LHP Mike Maitland
|
|
Batting: RHB Ryne Sandberg
|
0-0: Called Strike 0-1: Foul Ball, location: 2F 0-2: Ball 1-2: Ball 2-2: Foul Ball, location: 2F 2-2: SINGLE (Flyball, 4MD, EV 85.6 MPH)
|
|
Batting: RHB John Rabb
|
0-0: Called Strike 0-1: Called Strike 0-2: Strikes out swinging
|
|
Batting: RHB Kurt Cunningham
|
0-0: Called Strike 0-1: Ball 1-1: Ball 2-1: SINGLE (Groundball, P, EV 83.1 MPH) (infield hit) Ryne Sandberg to second
|
|
Batting: SHB Miguel Dilone
|
0-0: Ball 1-0: Foul Ball, location: 2F 1-1: Ball 2-1: Foul Ball, location: 2F 2-2: Ball 3-2: Base on Balls Ryne Sandberg to third Kurt Cunningham to second
|
|
Batting: LHB Ivan Flores
|
0-0: Ball 1-0: Called Strike 1-1: SINGLE (Groundball, 3L, EV 97.5 MPH) Ryne Sandberg scores Kurt Cunningham to third Miguel Dilone to second Runner from 3rd tries for Home, SAFE, throw by RF to home
|
|
Batting: RHB Robin Yount
|
0-0: Swinging Strike 0-1: Called Strike 0-2: Foul Ball, location: 2F 0-2: Ball 1-2: Strikes out swinging
|
|
Batting: LHB Don Mattingly
|
0-0: Ball 1-0: Ball 2-0: Called Strike 2-1: SINGLE (Popup, 6D, EV 55.6 MPH) Miguel Dilone to third Ivan Flores to second Runner from 3rd tries for Home, throw by SS and OUT! 6-2
|
| Top of the 8th over - 2 runs, 4 hits, 0 errors, 2 left on base; Seattle 11 - Detroit 3 |
| BOTTOM OF THE 8TH |
|
Detroit Tigers batting - Pitching for Seattle Mariners : RHP Larry Aubel
|
|
Pitching: RHP Timothy Jones
|
|
|
Batting: SHB Tony Phillips
|
0-0: Swinging Strike 0-1: Foul Ball, location: 2F 0-2: Strikes out looking
|
|
Batting: RHB Dave Kingman
|
0-0: Fly out, F9 (Flyball, 89D, EV 99.4 MPH)
|
|
Batting: RHB Andre Thornton
|
0-0: Swinging Strike 0-1: Ball 1-1: Foul Ball, location: 2F 1-2: Ball 2-2: Strikes out swinging
|
| Bottom of the 8th over - 0 runs, 0 hits, 0 errors, 0 left on base; Seattle 11 - Detroit 3 |
| TOP OF THE 9TH |
|
Seattle Mariners batting - Pitching for Detroit Tigers : LHP Mike Maitland
|
|
Batting: RHB Tony Conigliaro
|
0-0: Ball 1-0: Ball 2-0: Ball 3-0: Foul Ball, location: 2F 3-1: Foul Ball, location: 2F 3-2: Strikes out swinging
|
|
Batting: RHB Bobby Bonds
|
0-0: Swinging Strike 0-1: Ball 1-1: Called Strike 1-2: Ball 2-2: Ball 3-2: Base on Balls
|
|
Pitching: RHP Leonardo Gomez
|
|
|
Batting: RHB Ryne Sandberg
|
0-0: Ball 1-0: Called Strike 1-1: Called Strike 1-2: Strikes out swinging
|
|
Batting: RHB John Rabb
|
0-0: Ball 1-0: Ball 2-0: Called Strike 2-1: 2-RUN HOME RUN (Flyball, 78XD, EV 103.1 MPH), Distance : 435 ft
|
|
Batting: RHB Kurt Cunningham
|
0-0: Foul Ball, location: 2F 0-1: Ground out 4-3 (Groundball, 4, EV 102.5 MPH)
|
| Top of the 9th over - 2 runs, 1 hit, 0 errors, 0 left on base; Seattle 13 - Detroit 3 |
| BOTTOM OF THE 9TH |
|
Detroit Tigers batting - Pitching for Seattle Mariners : RHP Timothy Jones
|
|
Batting: RHB Keith Moreland
|
0-0: Ground out 6-3 (Groundball, 6D, EV 101.3 MPH)
|
|
Batting: RHB Rusty Kuntz
|
0-0: Foul Ball, location: 2F 0-1: Ball 1-1: Foul Ball, location: 2F 1-2: Foul Ball, location: 2F 1-2: Ball 2-2: Ball 3-2: Base on Balls
|
|
Batting: RHB Larry Parrish
|
0-0: Called Strike 0-1: Grounds into double play, 6-4-3 (Groundball, 6, EV 83.8 MPH)
|
| Bottom of the 9th over - 0 runs, 0 hits, 0 errors, 0 left on base; Seattle 13 - Detroit 3 |
|